 Dungeon Crawl Stone Soup version 0.31.0-32-g396128a36d (webtiles) character file.

Game seed: 18285270552789350672

24841 nitefall the Bludgeoner (level 12, -5/101 HPs)
             Began as a Minotaur Berserker on Mar 11, 2024.
             Was a High Priest of Trog.
             Slain by a +2 dire flail of chaos (25 damage)
             ... on level 1 of the Lair of Beasts.
             The game lasted 00:23:59 (11711 turns).

nitefall the Bludgeoner (Minotaur Berserker)       Turns: 11711, Time: 00:23:59

Health: -5/101     AC: 27    Str: 22    XL:     12   Next: 84%
Magic:  9/11       EV: 11    Int:  8    God:    Trog [*****.]
Gold:   1024       SH:  7    Dex: 21    Spells: 11/11 levels left

rFire   + . .        v - +6 whip of Finuna {protect, Dex+6}
rCold   . . .        T - +0 buckler
rNeg    + . .        Q - +2 plate armour {rN+}
rPois   +            (helmet restricted)
rElec   .            t - +0 cloak
rCorr   .            g - +0 pair of gloves
SInv    +            R - +1 pair of boots of Objectivity {+Inv rF+ Regen+ Int+4}
Will    .....        D - amulet of the acrobat Stlth
                     L - ring of poison resistance
HPRegen 1.16/turn    J - ring of see invisible
MPRegen 0.12/turn

%: acrobat
@: mighty, weak-willed, weakened, under a protective aura, on berserk cooldown,
fragile (+50% incoming damage), slowed, very slow
A: horns 2, retaliatory headbutt
a: Renounce Religion, Evoke Invisibility, Berserk, Trog's Hand, Brothers in Arms


You were on level 1 of the Lair of Beasts.
You worshipped Trog.
Trog was extremely pleased with you.
You visited 2 branches of the dungeon, and saw 12 of its levels.
You also visited: Bailey.

You collected 1035 gold pieces.
You spent 11 gold pieces at shops.

Inventory:

Hand Weapons
 v - the +6 whip of Finuna (weapon) {protect, Dex+6}
   (You found it on level 4 of the Dungeon)

   Dex+6:     It affects your dexterity (+6).
 y - the +1 hammer of Unwoz {elec, ^Drain Str-2 Int+9 SInv}
   (You found it on level 6 of the Dungeon)

   Str-2:     It affects your strength (-2).
   Int+9:     It affects your intelligence (+9).
   SInv:      It lets you see invisible.
   ^Drain:    It drains your maximum health when unequipped.
Missiles
 d - 117 stones (quivered)
 n - 3 throwing nets
 q - 101 poisoned darts
 x - 10 boomerangs
 K - 2 datura-tipped darts
 M - 6 silver javelins
 O - 12 curare-tipped darts
Armour
 g - a +0 pair of gloves (worn)
 j - a +0 scale mail
 t - a +0 cloak (worn)
 B - a +0 pair of boots
 Q - a +2 plate armour of positive energy (worn)
 R - the +1 pair of boots of Objectivity (worn) {+Inv rF+ Regen+ Int+4}
   (You found it in a bailey)

   Int+4:     It affects your intelligence (+4).
   rF+:       It protects you from fire.
   +Inv:      It lets you turn invisible.
   Regen+:    It increases your rate of health regeneration.
 T - a +0 buckler (worn)
Jewellery
 D - an amulet of the acrobat (around neck)
 J - a ring of see invisible (right hand)
 L - a ring of poison resistance (left hand)
 P - an amulet of magic regeneration
 V - a ring of magical power
 Z - a ring of flight
Wands
 l - a wand of acid (10)
 s - a wand of mindburst (14)
 G - a wand of polymorph (7)
 I - a wand of roots (20)
 S - a wand of charming (3)
 W - a wand of digging (6)
 Y - a wand of flame (10)
Scrolls
 f - 4 scrolls of poison {unknown}
 h - 4 scrolls of immolation {unknown}
 i - a scroll of silence {unknown}
 k - 4 scrolls of identify {unknown}
 o - 11 scrolls of noise {unknown}
 p - a scroll of enchant armour {unknown}
 r - 3 scrolls of amnesia {unknown}
 u - 4 scrolls of revelation {unknown}
 w - a scroll of enchant weapon {unknown}
 A - 3 scrolls of vulnerability {unknown}
 C - a scroll of fog {unknown}
 E - 5 scrolls of teleportation {unknown}
 N - a scroll of torment {unknown}
 X - a scroll of acquirement {unknown}
Potions
 a - 2 potions of mutation {unknown}
 b - 2 potions of ambrosia {unknown}
 c - 6 potions of enlightenment {unknown}
 e - 6 potions of curing
 m - 4 potions of brilliance {unknown}
 z - 5 potions of cancellation {unknown}
 F - a potion of resistance {unknown}
 H - 5 potions of heal wounds {unknown}
 U - a potion of haste {unknown}


   Skills:
 + Level 8.0 Fighting
 - Level 16.0 Maces & Flails
 - Level 8.0 Throwing
 + Level 8.0 Armour
 + Level 8.0 Dodging
 + Level 8.0 Shields
 - Level 8.0 Evocations


You had 11 spell levels left.
You didn't know any spells.
Your spell library was empty.

Dungeon Overview and Level Annotations

Branches:
Dungeon (11/15)            Temple (0/1) D:4            Lair (1/5) D:9
    Orc (0/2) D:9          Bailey (visited)

Altars:
Ashenzari
Fedhas
Gozag
Hepliaklqana
Makhleb
Okawaru
Qazlal
Sif Muna
Trog
Uskayaw
Xom
Zin
The Shining One

Shops:
D:1 ![:   D:8 *   D:11 :

Annotations:
Lair:1 nitefall's ghost, journeyman MiBe


Innate Abilities, Weirdness & Mutations

You have a pair of horns on your head.
You reflexively headbutt those who attack you in melee.


Message History

The +2 dire flail of chaos hits you!
You feel your attacks grow feeble. The +2 dire flail of chaos hits you.
The +2 dire flail of chaos hits you but does no damage.
The +2 dire flail of chaos hits you.
You are confused.
The +2 dire flail of chaos hits you!!
Your body becomes as fragile as glass!
The +2 dire flail of chaos hits you.
You are more confused.
The +2 dire flail of chaos hits you!
You feel your power leaking away. The +2 dire flail of chaos hits you!
You feel very mighty all of a sudden. The +2 dire flail of chaos hits you.
You are electrocuted!
The +2 dire flail of chaos hits you! The +2 dire flail of chaos hits you!!
Your willpower is stripped away!
The +2 dire flail of chaos hits you! The +2 dire flail of chaos burns you.
The +2 dire flail of chaos hits you but does no damage.
The +2 dire flail of chaos hits you!
* * * LOW HITPOINT WARNING * * *
The +2 dire flail of chaos burns you. The +2 dire flail of chaos hits you!
* * * LOW HITPOINT WARNING * * *
You feel your fragility will last longer.
You turn to flesh and can move again.
You are no longer berserk.
You are exhausted.
You feel as though you will be slow longer.
You feel sick.
You are no longer poisoned.
You hit the +2 dire flail of chaos but do no damage.
Your weapon exudes an aura of protection.
Your headbutt misses the +2 dire flail of chaos.
The +2 dire flail of chaos is lightly damaged.
The +2 dire flail of chaos completely misses you.
The +2 dire flail of chaos hits you!
* * * LOW HITPOINT WARNING * * *
The +2 dire flail of chaos draws strength from your wounds!
It was a potion of curing.
You feel better. The +2 dire flail of chaos hits you!
You die...

.................................
..#..#.#.##......#P###.####......
..#.........#....### ### ##......
..#.........#...### ####.......
..#............##.#####..:#......
............#..#)_.#.............
..#.........#..##'##^##.#######..
..#.........#...(W...#### #..
..#.........#...@....# #..
...####.PP#+.........# ##..
.....................# #...
.....................##########†.
.................................
.................................
#.####.##########.##.#.##.#######
### ### ###########


You could see a +2 dire flail of chaos and nitefall's ghost.

Vanquished Creatures
  Gastronok (D:9)
  Josephine (D:10)
  An ettin (D:11)
  A hydra (Lair:1)
  A two-headed ogre (D:10)
  3 death yaks (D:9)
  Sonja (D:10)
  A phantasmal warrior (D:11)
  An orc knight (Bailey)
  An ugly thing (D:11)
  Maurice (D:10)
  A manticore (D:11)
  A guardian serpent (D:11)
  3 slime creatures (D:11)
  A black mamba (Lair:1)
  Joseph (D:10)
  4 cane toads (Lair:1)
  A kobold demonologist (D:10)
  2 komodo dragons (Lair:1)
  Maggie (D:6)
  A rime drake (Lair:1)
  2 trolls
  2 hornets
  A blink frog (Lair:1)
  Sigmund (D:5)
  8 spriggans (Lair:1)
  11 yaks
  A wyvern (Lair:1)
  7 wraiths
  An acid dragon (D:8)
  4 water moccasins (Lair:1)
  Duvessa (D:6)
  6 orc warriors
  An ice beast (D:7)
  A black bear (D:4)
  A laughing skull (D:11)
  A sky beast (D:7)
  An ogre (D:5)
  7 centaurs
  A phantom (D:5)
  22 kobold brigands
  9 bullfrogs
  A gnoll sergeant (D:10)
  3 scorpions
  Dowan (D:6)
  18 killer bees
  4 howler monkeys
  2 bombardier beetles (D:4)
  6 hounds
  11 orc priests
  Crazy Yiuf (D:6)
  Ijyb (D:3)
  Terence (D:2)
  An iguana (D:5)
  2 sleepcaps
  8 orc wizards
  3 hell rats (D:9)
  12 adders
  15 gnolls
  4 river rats (D:9)
  A white imp (D:6)
  4 ufetubi
  2 ribbon worms
  5 dart slugs
  48 orcs
  6 ball pythons
  11 endoplasms
  9 goblins
  11 hobgoblins
  7 jackals
  23 kobolds
  4 quokkas
  A bat (D:1)
  6 frilled lizards
  7 rats
357 creatures vanquished.

Vanquished Creatures (collateral kills)
  An orc knight (Bailey)
  3 orc warriors (Bailey)
4 creatures vanquished.

Vanquished Creatures (others)
  A gnoll sergeant (D:10)
  An orc wizard (D:10)
  3 gnolls (D:10)
5 creatures vanquished.

Grand Total: 366 creatures vanquished

Notes
Turn   | Place    | Note
-------+----------+-------------------------------------------
     0 | D:1      | nitefall the Minotaur Berserker began the quest for the
                  | Orb.
     0 | D:1      | Reached XP level 1. HP: 19/19 MP: 0/0
    66 | D:1      | Reached XP level 2. HP: 16/27 MP: 1/1
   249 | D:1      | Found Haniafu's Distillery.
   251 | D:1      | Found Rafunosi's Armour Shoppe.
   274 | D:1      | Bought a potion of degeneration for 11 gold pieces
   482 | D:1      | Reached ** piety under Trog
   492 | D:1      | Reached XP level 3. HP: 33/33 MP: 2/2
   512 | D:1      | Reached skill level 4 in Maces & Flails
   512 | D:1      | Reached skill level 1 in Throwing
   561 | D:1      | Found Hezuong's Book Boutique.
  1134 | D:2      | Noticed Terence
  1138 | D:2      | Killed Terence
  1139 | D:2      | Reached XP level 4. HP: 40/40 MP: 3/3
  1261 | D:2      | Found a burning altar of Makhleb.
  1607 | D:2      | Reached XP level 5. HP: 46/47 MP: 4/4
  1965 | D:3      | Reached *** piety under Trog
  2043 | D:3      | Noticed Ijyb
  2055 | D:3      | Killed Ijyb
  2273 | D:3      | Found a glowing golden altar of the Shining One.
  2277 | D:3      | Found a hide-covered altar of Uskayaw.
  2284 | D:3      | Found a stormy altar of Qazlal.
  2285 | D:3      | Found a shimmering altar of Xom.
  2286 | D:3      | Found a hazy altar of Hepliaklqana.
  2289 | D:3      | Found an opulent altar of Gozag.
  2710 | D:3      | Found a bloodstained altar of Trog.
  2776 | D:4      | Found a staircase to the Ecumenical Temple.
  2807 | D:4      | Noticed a black bear
  2816 | D:4      | Killed a black bear
  2817 | D:4      | Reached skill level 5 in Fighting
  2817 | D:4      | Reached skill level 5 in Maces & Flails
  2817 | D:4      | Reached XP level 6. HP: 56/56 MP: 5/5
  2899 | D:4      | Found a faded altar of an unknown god.
  3083 | D:4      | Identified the +6 whip of Finuna {protect, Dex+6}
  3301 | D:5      | Entered Level 5 of the Dungeon
  3338 | D:5      | Found an iron altar of Okawaru.
  3380 | D:5      | Reached XP level 7. HP: 61/61 MP: 6/6
  3508 | D:5      | Noticed Sigmund
  3515 | D:5      | Killed Sigmund
  3516 | D:5      | Reached skill level 5 in Armour
  3688 | D:5      | Reached skill level 6 in Maces & Flails
  3702 | D:5      | Reached XP level 8. HP: 67/70 MP: 7/7
  3864 | D:5      | Reached skill level 5 in Dodging
  4002 | D:6      | Reached **** piety under Trog
  4107 | D:6      | Found a runed translucent door.
  4108 | D:6      | Noticed Crazy Yiuf
  4113 | D:6      | Killed Crazy Yiuf
  4120 | D:6      | Identified the +1 hammer of Unwoz {elec, ^Drain Str-2 Int+9
                  | SInv}
  4423 | D:6      | Noticed Maggie
  4431 | D:6      | Noticed Duvessa
  4446 | D:6      | Killed Maggie
  4450 | D:6      | Killed Duvessa
  4590 | D:6      | Noticed Dowan
  4597 | D:6      | Killed Dowan
  4634 | D:6      | Reached skill level 7 in Maces & Flails
  5036 | D:6      | Reached skill level 5 in Throwing
  5096 | D:7      | Reached XP level 9. HP: 79/79 MP: 8/8
  5719 | D:7      | Paralysed by a hornet for 1 turns
  6459 | D:8      | Reached skill level 8 in Maces & Flails
  6605 | D:8      | Found a blossoming altar of Fedhas.
  6798 | D:8      | Found a burning altar of Makhleb.
  6971 | D:8      | Reached ***** piety under Trog
  6972 | D:8      | Reached XP level 10. HP: 62/88 MP: 9/9
  7058 | D:8      | Found a glowing silver altar of Zin.
  7098 | D:8      | Found Erifov's General Store.
  7356 | D:8      | Found a shimmering blue altar of Sif Muna.
  7584 | D:8      | Found a broken altar of Ashenzari.
  7669 | D:9      | Noticed a death yak
  7696 | D:9      | Killed a death yak
  7697 | D:9      | Reached skill level 9 in Maces & Flails
  7699 | D:9      | Noticed a death yak
  7703 | D:9      | Noticed a death yak
  7876 | D:9      | Killed a death yak
  7882 | D:9      | Reached skill level 10 in Maces & Flails
  7891 | D:9      | Killed a death yak
  7962 | D:9      | Reached skill level 11 in Maces & Flails
  7975 | D:9      | Found a staircase to the Orcish Mines.
  7987 | D:9      | Found a staircase to the Lair.
  8107 | D:9      | Noticed Gastronok
  8121 | D:9      | Killed Gastronok
  8122 | D:9      | Reached skill level 12 in Maces & Flails
  8651 | D:10     | Entered Level 10 of the Dungeon
  8651 | D:10     | Noticed Joseph
  8657 | D:10     | Killed Joseph
  8688 | D:10     | Reached XP level 11. HP: 94/94 MP: 10/10
  8707 | D:10     | Noticed a soul eater
  8722 | D:10     | Received a gift from Trog
  8728 | D:10     | Reached skill level 13 in Maces & Flails
  8888 | D:10     | Noticed Josephine
  8893 | D:10     | Found a flagged portal.
  8914 | D:10     | Killed Josephine
  8915 | D:10     | Reached skill level 14 in Maces & Flails
  9000 | Bailey   | Entered a bailey
  9062 | Bailey   | Noticed an orc knight
  9150 | Bailey   | Noticed an orc knight
  9173 | Bailey   | Killed an orc knight
  9174 | Bailey   | Reached skill level 15 in Maces & Flails
  9265 | Bailey   | Killed an orc knight
  9378 | Bailey   | Identified the +1 pair of boots of Objectivity {+Inv rF+
                  | Regen+ Int+4}
  9492 | D:10     | Noticed Sonja
  9510 | D:10     | Killed Sonja
  9511 | D:10     | Reached skill level 16 in Maces & Flails
  9558 | D:10     | Noticed a two-headed ogre
  9563 | D:10     | Killed a two-headed ogre
  9564 | D:10     | Reached skill level 1 in Evocations
  9618 | D:10     | Noticed Maurice
  9629 | D:10     | Killed Maurice
 10051 | D:11     | Reached XP level 12. HP: 101/101 MP: 11/11
 10067 | D:11     | Found Woesutu's Book Shoppe.
 10326 | D:11     | Noticed an ettin
 10331 | D:11     | Reached skill level 5 in Shields
 10341 | D:11     | Killed an ettin
 10701 | Lair:1   | Entered Level 1 of the Lair of Beasts
 10751 | Lair:1   | Reached skill level 5 in Evocations
 10995 | Lair:1   | Found a runed translucent door.
 10995 | Lair:1   | Found a shimmering altar of Xom.
 10995 | Lair:1   | Noticed nitefall's ghost (journeyman MiBe)
 11293 | Lair:1   | Noticed an eight-headed hydra
 11301 | Lair:1   | Killed an eight-headed hydra
 11711 | Lair:1   | Slain by a +2 dire flail of chaos

Illustrated notes

Levels and vault maps discovered:
D:1:      matt_arrival_spirals, layout_loops_cross, serial_shops, shop,
          nicolae_square_shop, nicolae_shop_back_alley_shop, minmay_3d_cube
D:2:      layout_rooms, basic_altar, moated_statue, wad_floor_pattern_2,
          uniq_terence
D:3:      layout_loops_corners, lightli_temple_of_fire, minitemple,
          grunt_decor_one_mirror, uniq_ijyb
D:4:      layout_cave_pools, temple_statues, serial_column_ruins,
          column_ruins_temple_hall, column_ruins_open_tiny,
          column_ruins_open_medium, column_ruins_corridor_straight,
          column_ruins_corridor_straight, column_ruins_open_small_water,
          column_ruins_open_medium, column_ruins_grid_1, grunt_ministairs_12,
          nicolae_twisty_statue_hallways
D:5:      layout_loops_cross, okawaru_trees_1, uniq_sigmund
D:6:      layout_basic, bh_walls_and_bars, uniq_crazy_yiuf_cottage,
          uniq_duvessa, uniq_maggie
D:7:      layout_loops_corners
D:8:      layout_gridville, mainiacjoe_overflow_cross_hatched,
          mainiacjoe_overflow_surrounded_room, hellmonk_sif_muna_bookshelves,
          fedhas_bush_and_centaur_altar, amcnicky_altar_gilded, serial_shops,
          shop
D:9:      layout_loops_ring, dpeg_lair_monsters, orc_0_dummy, uniq_gastronok
D:10:     layout_roguey [special_room_kobold], enter_bailey_7,
          lemuel_flamethrower_2, uniq_maurice, uniq_joseph, uniq_josephine,
          uniq_sonja
D:11:     minmay_glassy_protrusions, layout_loops_ring, serial_shops,
          nicolae_shop_peninsula, nrook_guardian_serpent_double
Lair:1:   kb_forest_paths, layout_chaotic_city, ebering_ghost_xom

Skill      XL: |  1  2  3  4  5  6  7  8  9 10 11 12 |
---------------+-------------------------------------+-----
Maces & Flails | 4 5 6 7 8 12 16 | 16.0
Throwing       | 1 2 3 5 6 8 |  8.0
Fighting       | 4 5 6 7 8 |  8.0
Armour         | 3 4 5 6 8 |  8.0
Dodging        | 3 4 6 7 8 |  8.0
Shields        | 4 8 |  8.0
Evocations     | 3 8 |  8.0

Action                     |  1- 3 |  4- 6 |  7- 9 | 10-12 || total
---------------------------+-------+-------+-------+-------++-------
  Melee: Mace              |    65 |   127 |       |       ||   192
         Headbutt          |    10 |    22 |    56 |   190 ||   278
         Punch             |     1 |     1 |     1 |     4 ||     7
         Whip              |       |    11 |   260 |   789 ||  1060
  Throw: Stone             |       |       |     1 |    17 ||    18
 Invoke: Berserk           |     1 |     2 |     5 |    12 ||    20
         Trog's Hand       |       |     1 |     2 |     5 ||     8
         Brothers in Arms  |       |       |       |     1 ||     1
    Use: Potion            |       |       |       |     1 ||     1
   Stab: Sleeping          |     1 |       |       |       ||     1
 Armour: Animal skin       |    48 |    10 |       |       ||    58
         Scale mail        |       |    78 |   137 |   126 ||   341
         Plate armour      |       |       |       |   209 ||   209
  Dodge: Dodged            |    54 |    83 |   183 |   361 ||   681
  Block: Buckler           |       |       |       |    60 ||    60
